 Dungeon Crawl Stone Soup version 0.30-a0-879-ga8ba668304 (webtiles) character file.

Game seed: 17373601956517165561

58 jasper the Trooper (level 3, 0/29 HPs)
             Began as a Demonspawn Gladiator on Mar 13, 2023.
             Slain by a goblin
             ... wielding a +0 dagger
             ... led by Robin
              (2 damage)
             ... on level 2 of the Dungeon.
             The game lasted 00:02:47 (1427 turns).

jasper the Trooper (Demonspawn Gladiator)           Turns: 1427, Time: 00:02:48

Health: 0/29       AC:  5    Str: 14    XL:     3   Next: 75%
Magic:  3/3        EV: 11    Int: 11    God:
Gold:   80         SH:  0    Dex: 14    Spells: 2/2 levels left

rFire   . . .      SeeInvis .    a - +0 quarterstaff
rCold   . . .      Faith    .    (shield currently unavailable)
rNeg    . . .      Spirit   .    h - +0 ring mail
rPois   .          Reflect  .    (helmet restricted)
rElec   .          Rampage  .    (no cloak)
rCorr   .                        (no gloves)
Will    .....                    (no boots)
Stlth   +                        (no amulet)
HPRegen 0.24/turn                (no ring)
MPRegen 0.08/turn                (no ring)

@: no status effects
A: claws 1, horns 1
a: no special abilities


You were on level 2 of the Dungeon.
You visited 1 branch of the dungeon, and saw 3 of its levels.

You collected 80 gold pieces.

Inventory:

Hand Weapons
 a - a +0 quarterstaff (weapon)
Missiles
 d - 3 throwing nets
 e - a javelin
 f - 11 stones (quivered)
Armour
 b - a +0 leather armour
 c - a +0 helmet
 h - a +0 ring mail (worn)
 i - a +0 scale mail
 l - a +0 tower shield
Scrolls
 g - a scroll of identify
Potions
 j - a potion of heal wounds
 k - 2 potions of degeneration
 m - 2 potions of magic
 n - a potion of curing
 o - a potion of might {unknown}


   Skills:
 * Level 3.5 Fighting
 - Level 2.6 Staves
 - Level 1.7 Throwing
 + Level 3.0 Dodging
 + Level 1.0 Unarmed Combat


You had 2 spell levels left.
You didn't know any spells.
Your spell library contained the following spells:

 Spells                   Type           Power      Damage    Failure   Level
 Ensorcelled Hibernation  Hex/Ice        0%         N/A       73%         2
 Passwall                 Tmut/Erth      0%         N/A       73%         2
 Sublimation of Blood     Necr           0%         N/A       73%         2
 Wereblood                Tmut           0%         N/A       73%         2
 Swiftness                Air            0%         N/A       91%         3
 Summon Hydra             Summ           0%         N/A       100%        7


Dungeon Overview and Level Annotations

Branches:
Dungeon (3/15)

Altars:
Gozag

Annotations:
D:3 Robin


Innate Abilities, Weirdness & Mutations

You have sharp fingernails.
You have a pair of small horns on your head.


Message History

The goblin hits you but does no damage. The hobgoblin completely misses you.
The goblin hits you but does no damage. The goblin hits you with a +0 dagger.
You take 2 damage, and have 20/29 hp.
You completely miss the goblin. The goblin barely misses you.
The hobgoblin hits you but does no damage.
The goblin hits you with a +0 dagger. The goblin hits you but does no damage.
The goblin hits you with a +3 dagger. The goblin closely misses you.
The hobgoblin hits you but does no damage.
The goblin hits you with a +0 dagger.
You take 6 damage, and have 14/29 hp.
MASSIVE DAMAGE!!
You hit the goblin but do no damage. The goblin hits you but does no damage.
The hobgoblin closely misses you. The goblin closely misses you.
The goblin barely misses you.
You hit the goblin but do no damage. The goblin hits you with a +3 dagger.
The hobgoblin hits you but does no damage.
The goblin closely misses you. The goblin hits you but does no damage.
You take 1 damage, and have 13/29 hp.
You barely miss the goblin. The goblin closely misses you.
The hobgoblin hits you. The goblin barely misses you.
The goblin closely misses you.
You take 2 damage, and have 11/29 hp.
You hit the goblin.
The goblin is severely wounded.
The goblin hits you but does no damage. The hobgoblin barely misses you.
The goblin closely misses you. The goblin hits you but does no damage.
You hit the goblin but do no damage.
The goblin is severely wounded.
The goblin barely misses you.
The hobgoblin hits you but does no damage.
The goblin completely misses you. The goblin hits you with a +0 dagger.
You take 3 damage, and have 9/29 hp.
You barely miss the goblin.
The goblin is severely wounded.
The goblin hits you with a +3 dagger.
* * * LOW HITPOINT WARNING * * *
The hobgoblin barely misses you. The goblin barely misses you.
The goblin closely misses you. The goblin hits you with a +3 dagger.
* * * LOW HITPOINT WARNING * * *
The goblin hits you with a +0 dagger.
You die...

####### ###.....# ###.....#.###
#...........# ##
#.#.._......###### .# #######
#.#.........#..... .# #.....#
#.#.........#.###.
.#######.....###g#.............#.
...............?@#..#........#.#.
.#######.......ggg..#.....#....#.
## #............#.#####.####.
#.......................†.
####...........######.####
#.....[..#### #.# ## ######.#.#
#####.# .# #.#.#####.....# .#
#.#.....#.######


You could see a hobgoblin and 3 goblins.

Vanquished Creatures
  3 dart slugs (D:2)
  9 ball pythons
  5 bats
  3 endoplasms
  4 giant cockroaches
  7 goblins
  5 hobgoblins
  2 jackals (D:1)
  3 kobolds
  4 rats
45 creatures vanquished.

Notes
Turn   | Place    | Note
-------+----------+-------------------------------------------
     0 | D:1      | jasper the Demonspawn Gladiator began the quest for the
                  | Orb.
     0 | D:1      | Reached XP level 1. HP: 16/16 MP: 1/1
   180 | D:1      | Discovered your monstrous ancestry.
   180 | D:1      | Gained mutation: You have sharp fingernails. [demonic
                  | ancestry]
   180 | D:1      | Reached XP level 2. HP: 23/23 MP: 2/2
   691 | D:2      | Gained mutation: You have a pair of small horns on your
                  | head. [demonic ancestry]
   691 | D:2      | Reached XP level 3. HP: 29/29 MP: 3/3
   785 | D:2      | Found an opulent altar of Gozag.
  1327 | D:3      | Found a faded altar of an unknown god.
  1415 | D:3      | Reached skill level 1 in Unarmed Combat
  1417 | D:3      | Identified the +1 helmet of the Land of Plenty {rElec}
  1417 | D:3      | Noticed Robin
  1427 | D:2      | Slain by a goblin

Illustrated notes

Levels and vault maps discovered:
D:1:      dpeg_arrival_more_subterranean_lakeside_camping, layout_rooms
D:2:      layout_basic, basic_altar, minmay_statues_item
D:3:      kennysheep_the_goblin_king, layout_basic,
          ebering_ecumenical_altar_webs, grunt_ministairs_2,
          minmay_strange_pillars, item_on_display_b, uniq_ijyb, uniq_robin

Skill      XL: |  1  2  3 |
---------------+----------+-----
Fighting       | 3 |  3.5
Dodging        | 3 |  3.0
Unarmed Combat | 1 |  1.0
Staves         | |  2.6
Throwing       | |  1.7

Action                     || total
---------------------------++-------
  Melee: Quarterstaff      ||   110
         Headbutt          ||    10
  Throw: Stone             ||     4
    Use: Scroll            ||     7
 Armour: Scale mail        ||    56
         Leather armour    ||     1
         Ring mail         ||    16
  Dodge: Dodged            ||    89

Table legend: (Time is in decaauts)
 A = Elapsed time spent in this place.
 B = Non-inter-level travel time spent in this place.
 C = Inter-level travel time spent in this place.
 D = Time resting spent in this place.
 E = Time spent auto-exploring this place.
 F = Levels seen in this place.
 G = Mean time per level.
                   A        B        C        D        E       F      G
               +--------+--------+--------+--------+--------+-----+--------+
         Total |   1449 |   1353 |     96 |      0 |    932 |   3 |  483.0 |
       Dungeon |   1449 |   1353 |     96 |      0 |    932 |   3 |  483.0 |
               +--------+--------+--------+--------+--------+-----+--------+

Top non-repeatable levels by time:
     D:2: 723 daAuts
     D:1: 604 daAuts
     D:3: 121 daAuts
